 Dungeon Crawl Stone Soup version 0.26-a0-949-ga0cc1ef5f6 (webtiles) character file.

Game seed: 9288800896064372616

647 Maimakterion the Cutter (level 7, -5/50 HPs)
             Began as a Demonspawn Gladiator on Nov 28, 2020.
             Killed by triggering a spear trap (19 damage)
             ... in an ossuary.
             The game lasted 00:06:27 (3472 turns).

Maimakterion the Cutter (Demonspawn Gladiator)      Turns: 3472, Time: 00:06:27

Health: -5/50      AC:  5    Str: 17    XL:     7   Next: 27%
Magic:  7/7        EV: 12    Int:  9    God:
Gold:   115        SH:  0    Dex: 14    Spells: 6/6 levels left

rFire    . . .     SeeInvis .   a - +0 rapier
rCold    . . .     Faith    .   (no shield)
rNeg     + . .     Spirit   .   p - +1 leather armour {rPois}
rPois    +         Reflect  .   (helmet restricted)
rElec    .         Harm     .   (no cloak)
rCorr    +         Rampage  .   j - +0 pair of gloves
MR       .....                  (no boots)
Stlth    +.........             (no amulet)
HPRegen  0.16/turn              k - ring of resist corrosion
MPRegen  0.10/turn              u - ring of positive energy

@: mighty
A: antennae 1, powered by pain 3, spiny 1
a: no special abilities


You were in an ossuary.
You visited 1 branch of the dungeon, and saw 4 of its levels.
You also visited: Ossuary.

You collected 115 gold pieces.

Inventory:

Hand Weapons
 a - a +0 rapier (weapon)
Missiles
 d - a throwing net (quivered)
 q - 5 poisoned darts
Armour
 j - a +0 pair of gloves (worn)
 p - a +1 leather armour of poison resistance (worn)
Jewellery
 k - a ring of resist corrosion (left hand)
 u - a ring of positive energy (right hand)
Scrolls
 c - a scroll of noise {unknown}
 e - 2 scrolls of immolation {unknown}
 f - 9 scrolls of teleportation {unknown}
 h - a scroll of enchant armour {unknown}
 i - 7 scrolls of remove curse {unknown}
 l - 3 scrolls of identify {unknown}
 m - 3 scrolls of fog {unknown}
 n - a scroll of amnesia {unknown}
 o - a scroll of random uselessness {unknown}
Potions
 b - a potion of might {unknown}
 g - 2 potions of flight
 s - 2 potions of curing {unknown}
 t - a potion of magic {unknown}


   Skills:
 - Level 2.0 Fighting
 + Level 7.8 Short Blades
 - Level 1.7 Throwing
 - Level 2.6 Dodging


You had 6 spell levels left.
You didn't know any spells.
Your spell library was empty.

Dungeon Overview and Level Annotations

Branches:
Dungeon (4/15)            Ossuary (1/1)
 Temple: D:4-7

Altars:


Innate Abilities, Weirdness & Mutations

You have a pair of small antennae on your head.
You are powered by pain.
You are partially covered in sharp spines.


Message History

A spear hits the scorpion!
A poisoned dart misses the scorpion!
The scorpion is struck by your spines. The scorpion closely misses you.
There is a dart trap here.
Really walk into that spear trap? [Y]es or [N]o only, please.
Really walk into that spear trap?
A spear shoots out and hits you!
* * * LOW HITPOINT WARNING * * *
You focus on the pain.
You feel very mighty all of a sudden.
A poisoned dart hits the scorpion!
The scorpion is poisoned.
A spear hits the scorpion!
There is a spear trap here.
You take 20 damage, and have 14/50 hp.
MASSIVE DAMAGE!!
Really walk into that dart trap?
You avoid triggering a dart trap.
An arrow hits the scorpion!
There is a dart trap here.
Really walk into that spear trap?
A spear shoots out and hits you!
You die...

### #####################
#((.#^^Z^^^^#...#...#...#
#(..'^^ss^^^'...8...'...#
#^s^s^^@#.......#...#
##+###########8...8###'##
#=!!#...#...#.......#...#
#!.?#...8...#...8...#...#
#!?M#.......#...#...#...#
######8...8###'##########
#^^^#.......#^^^#...#^^^#
#^^^'...8...#^^^'...'^^^#
#^^^#...#...#^^^#...#^^^#


You could see 4 scorpions and a centaur zombie.

Vanquished Creatures
  6 scorpions (Ossuary)
  3 centaur zombies (Ossuary)
  A human zombie (Ossuary)
  2 big kobold zombies (Ossuary)
  3 mummies (Ossuary)
  2 adders (D:3)
  3 scorpion zombies (Ossuary)
  A white imp (D:2)
  An ooze (D:1)
  A worm (D:2)
  3 leopard geckos
  An orc (D:3)
  9 bats
  3 giant cockroaches
  6 goblins
  5 hobgoblins
  7 jackals
  6 kobolds
  7 frilled lizards
  A gnoll zombie (Ossuary)
  A goblin zombie (Ossuary)
  3 hobgoblin zombies (Ossuary)
  2 kobold zombies (Ossuary)
  6 orc zombies (Ossuary)
  3 rats
86 creatures vanquished.

Vanquished Creatures (others)
  A scorpion (Ossuary)
1 creature vanquished.

Grand Total: 87 creatures vanquished

Notes
Turn   | Place    | Note
-------+----------+-------------------------------------------
     0 | D:1      | Maimakterion the Demonspawn Gladiator began the quest for
                  | the Orb.
     0 | D:1      | Reached XP level 1. HP: 16/16 MP: 1/1
    41 | D:1      | Reached skill level 3 in Short Blades
    77 | D:1      | Gained mutation: You sometimes gain a little power by
                  | taking damage. [demonic ancestry]
    77 | D:1      | Reached XP level 2. HP: 22/22 MP: 2/2
   668 | D:1      | Gained mutation: You sometimes gain power by taking damage.
                  | [demonic ancestry]
   668 | D:1      | Reached XP level 3. HP: 26/27 MP: 3/3
   941 | D:2      | Reached skill level 4 in Short Blades
  2027 | D:3      | Gained mutation: You are partially covered in sharp spines.
                  | [demonic ancestry]
  2027 | D:3      | Reached XP level 4. HP: 32/33 MP: 4/4
  2541 | D:4      | Found a sand-covered staircase.
  2550 | Ossuary  | Entered an ossuary
  2747 | Ossuary  | Reached skill level 5 in Short Blades
  2747 | Ossuary  | Reached XP level 5. HP: 26/38 MP: 5/5
  2764 | Ossuary  | Reached skill level 6 in Short Blades
  2942 | Ossuary  | Gained mutation: You have a pair of small antennae on your
                  | head. [demonic ancestry]
  2942 | Ossuary  | Reached XP level 6. HP: 24/44 MP: 6/6
  3002 | Ossuary  | Reached skill level 7 in Short Blades
  3341 | Ossuary  | Gained mutation: You are powered by pain. [demonic
                  | ancestry]
  3341 | Ossuary  | Reached XP level 7. HP: 34/50 MP: 7/7
  3472 | Ossuary  | Killed by triggering a spear trap

Illustrated notes

Levels and vault maps discovered:
D:1:      wander_arrival_lonely_grave, layout_basic
D:2:      layout_basic
D:3:      layout_rooms
D:4:      minmay_inner_zag, layout_layer_cave, nicolae_ossuary_entry_ruins,
          serial_shops, shop, uniq_duvessa
Ossuary:  ossuary_minmay_scorpions

Skill      XL: |  1  2  3  4  5  6 |
---------------+-------------------+-----
Short Blades   | 3 4 5 6 7 |  7.8
Fighting       | |  2.0
Throwing       | |  1.7
Dodging        | |  2.6

Action                   |  1- 3 |  4- 6 |  7- 9 || total
-------------------------+-------+-------+-------++-------
Melee: Rapier            |   168 |   105 |    23 ||   296
Throw: Throwing net      |     2 |       |     2 ||     4
       Dart              |       |     9 |       ||     9
       Javelin           |       |    13 |     9 ||    22
  Use: Potion            |     2 |       |       ||     2
 Stab: Sleeping          |     1 |       |       ||     1
       Held in net/web   |       |       |     2 ||     2
Armor: Leather armour    |    87 |    28 |     5 ||   120
Dodge: Dodged            |   176 |    62 |    12 ||   250

Table legend: (Time is in decaauts)
 A = Elapsed time spent in this place.
 B = Non-inter-level travel time spent in this place.
 C = Inter-level travel time spent in this place.
 D = Time resting spent in this place.
 E = Time spent auto-exploring this place.
 F = Levels seen in this place.
 G = Mean time per level.
                   A        B        C        D        E       F      G
               +--------+--------+--------+--------+--------+-----+--------+
         Total |   3468 |   3428 |     40 |   1484 |    927 |   5 |  693.6 |
       Dungeon |   2549 |   2509 |     40 |    906 |    923 |   4 |  637.2 |
       Ossuary |    918 |    918 |      0 |    578 |      4 |   1 |  918.0 |
               +--------+--------+--------+--------+--------+-----+--------+

Top non-repeatable levels by time:
     D:2: 1026 daAuts
     D:1: 935 daAuts
 Ossuary: 918 daAuts
     D:3: 578 daAuts
     D:4: 8 daAuts
